 Dungeon Crawl Stone Soup version 0.29.0-4-gdea44cf6ec (webtiles) character file.

Game seed: 9213096378150463210

77 qw the Chopper (level 4, -5/39 HPs)
             Began as a Minotaur Berserker on Sept 9, 2022.
             Was a Believer of Trog.
             Slain by a gnoll
             ... wielding a +3 halberd
              (8 damage)
             ... on level 2 of the Dungeon.
             The game lasted 00:00:44 (2690 turns).

qw the Chopper (Minotaur Berserker)                 Turns: 2690, Time: 00:00:45

Health: -5/39      AC:  5    Str: 23    XL:     4   Next: 14%
Magic:  3/3        EV: 12    Int:  4    God:    Trog [**....]
Gold:   55         SH:  0    Dex: 10    Spells: 3/3 levels left

rFire   . . .      SeeInvis .   j - +3 war axe (spect)
rCold   . . .      Faith    .   (no shield)
rNeg    . . .      Spirit   .   b - +0 animal skin
rPois   .          Reflect  .   (helmet restricted)
rElec   .          Harm     .   (no cloak)
rCorr   .          Rampage  .   (no gloves)
Will    +....                   g - +2 pair of boots {Stlth+}
Stlth   ++........              (no amulet)
HPRegen 0.13/turn               f - ring of willpower
MPRegen 0.08/turn               (no ring)

@: on berserk cooldown, slowed, very slow
A: horns 2, retaliatory headbutt
a: Renounce Religion, Berserk, Trog's Hand


You were on level 2 of the Dungeon.
You worshipped Trog.
Trog was pleased with you.
You visited 1 branch of the dungeon, and saw 2 of its levels.

You collected 113 gold pieces.
You spent 58 gold pieces at shops.


Innate Abilities, Weirdness & Mutations

You have a pair of horns on your head.
You reflexively headbutt those who attack you in melee.


   Skills:
 - Level 3.6 Fighting
 + Level 6.1 Axes
 - Level 2.4 Armour
 - Level 2.1 Dodging


You had 3 spell levels left.
You didn't know any spells.
Your spell library was empty.

Inventory:

Hand Weapons
 d - a +0 whip
 j - a +3 spectral war axe (weapon)
Armour
 b - a +0 animal skin (worn)
 g - a +2 pair of boots of stealth (worn)
 h - a +0 chain mail
 i - a +2 pair of gloves
Jewellery
 a - a ring of protection from cold
 f - a ring of willpower (left hand)
Scrolls
 e - a scroll of teleportation {unknown}
 k - 4 scrolls of identify
Potions
 c - a potion of flight {unknown}

Dungeon Overview and Level Annotations

Branches:
Dungeon (2/15)

Altars:

Shops:
D:2 [


Message History

Your +3 spectral war axe hits the ball python!
You kill the ball python!
Trog accepts your kill.
You have reached level 4!
You feel agile.
2681 ||| INVOKING Berserk.
A red film seems to cover your vision as you go berserk!
You feel yourself moving faster!
You feel mighty!
You closely miss the gnoll. Your headbutt misses the gnoll.
Your +3 spectral war axe hits the gnoll!
You kill the gnoll!
Trog accepts your kill.
Your Axes skill increases to level 6!
You start waiting.
A gnoll comes into view. It is wielding a +3 halberd.
You feel a strong urge to attack something.
A gnoll comes into view. It is wielding a +0 spear.
The gnoll shouts!
You hear a shout!
You enter the shallow water.
Moving in this stuff is going to be slow.
A gnoll comes into view. It is wielding a +0 whip.
You feel your anger nearly subside.
You are no longer berserk.
You are exhausted.
You feel yourself slow down.
The gnoll shouts!
The gnoll hits you from afar with a +3 halberd!
The gnoll misses you.
Found a scroll of identify.
The gnoll closely misses you. x3; The gnoll hits you with a +0 spear!
The gnoll barely misses you. The gnoll hits you with a +0 spear.
2689 ||| Stepping ~*~*~tactically~*~*~ (water).
The gnoll hits you but does no damage.
The gnoll splashes around in the water.
The gnoll hits you with a +0 whip!
The gnoll hits you from afar with a +0 spear.
You barely miss the gnoll. You hit the gnoll.
Your +3 spectral war axe hits the gnoll!
You kill the gnoll!
Trog accepts your kill.
Your +3 spectral war axe hits the gnoll!
The gnoll hits you with a +3 halberd!
You die...

.#.hh#...............#
#.# #
.#ยค~~#..########.....#
#####.### ........#
#.....#~~~##...##.
#########
##.....#~~~~#.##...
######......#~~~~#>...##
~?.~.~...~.~#~.~~##.###
~~~~~~~g~~~~~.~~~##.#
~.~.~~~~(~~~~.~~~.#.#
~~~~~.g@)~~~~~~~~##.#
~.~~~~~~~.~.~~~..##.#
~#.......~)....~#...#
#####......).....###
##############


You could see 2 gnolls and a friendly +3 spectral war axe (summoned, wandering).

Vanquished Creatures
  2 adders (D:2)
  2 gnolls (D:2)
  A worm (D:2)
  A dart slug (D:2)
  8 ball pythons
  5 endoplasms
  A giant cockroach (D:1)
  4 goblins (D:1)
  5 hobgoblins
  A quokka (D:2)
  7 bats
  2 kobolds (D:1)
  5 rats
44 creatures vanquished.

Vanquished Creatures (others)
  6 plants (D:1)
6 creatures vanquished.

Grand Total: 50 creatures vanquished

Notes
Turn   | Place    | Note
-------+----------+-------------------------------------------
     0 | D:1      | qw the Minotaur Berserker began the quest for the Orb.
     0 | D:1      | Reached XP level 1. HP: 19/19 MP: 0/0
     0 | D:1      | 0 ||| qw: Version: 0.1-a-113-g051387a
     0 | D:1      | 0 ||| qw: Game counter: 7138
     0 | D:1      | 0 ||| qw: Always use a shield: true
     0 | D:1      | 0 ||| qw: Do Orc after D:15 true
     0 | D:1      | 0 ||| qw: Do second Lair branch before Depths: true
     0 | D:1      | 0 ||| qw: Lair rune preference: random
     0 | D:1      | 0 ||| qw: Plans: Normal
     0 | D:1      | 0 ||| PLANNING D:1-11
   215 | D:1      | Reached skill level 4 in Axes
   408 | D:1      | Reached XP level 2. HP: 22/26 MP: 1/1
   551 | D:1      | You fall into a shaft and drop 1 floor!
   666 | D:2      | 666 ||| READING scroll labelled WUUQOPRIAQ.
   666 | D:2      | Identified a scroll of acquirement
   666 | D:2      | 666 ||| ACQUIRING +3 vorpal war axe
   666 | D:2      | Acquired a +3 vorpal war axe
   668 | D:2      | 668 ||| SWAPPING to +3 vorpal war axe.
   669 | D:2      | 669 ||| DROPPING +0 hand axe.
   670 | D:2      | 670 ||| READING scroll labelled ILUIGH PECVUNU.
   671 | D:2      | 671 ||| READING scroll labelled XEADUCZUAR.
   816 | D:1      | 816 ||| DROPPING +0 club.
   834 | D:1      | 834 ||| Stepping ~*~*~tactically~*~*~ (stealth).
  1005 | D:1      | Reached skill level 5 in Axes
  1306 | D:1      | Reached XP level 3. HP: 31/31 MP: 2/2
  1834 | D:1      | 1834 ||| UPGRADING to +2 pair of boots of stealth.
  1839 | D:1      | 1839 ||| UPGRADING to ring of willpower.
  1840 | D:1      | 1840 ||| DROPPING ring of flight.
  1841 | D:1      | 1841 ||| READING scroll labelled ICUERA OSYOCALUE.
  1842 | D:1      | 1842 ||| READING scroll labelled IDWEEZ EGGE.
  1843 | D:1      | 1843 ||| READING scroll labelled NESOCWAHUFRU.
  1844 | D:1      | 1844 ||| READING scroll labelled OVAOLEXEROT.
  1845 | D:1      | 1845 ||| Stepping randomly (stuck).
  1846 | D:1      | 1846 ||| Stepping ~*~*~tactically~*~*~ (cloud).
  2169 | D:2      | Found a faded altar of an unknown god.
  2291 | D:2      | 2291 ||| Stepping ~*~*~tactically~*~*~ (stealth).
  2293 | D:2      | 2293 ||| Stepping ~*~*~tactically~*~*~ (stealth).
  2294 | D:2      | 2294 ||| Stepping ~*~*~tactically~*~*~ (stealth).
  2305 | D:2      | Found Ara Tosiox's Armour Shoppe.
  2312 | D:2      | 2312 ||| BUYING +0 chain mail (58 gold).
  2312 | D:2      | Bought a +0 chain mail for 58 gold pieces
  2312 | D:2      | 2312 ||| SHOPLISTING +0 cloak (58 gold, have 38).
  2347 | D:2      | 2347 ||| INVOKING Berserk.
  2355 | D:2      | Reached ** piety under Trog
  2679 | D:2      | Reached XP level 4. HP: 39/39 MP: 3/3
  2681 | D:2      | 2681 ||| INVOKING Berserk.
  2683 | D:2      | Reached skill level 6 in Axes
  2689 | D:2      | 2689 ||| Stepping ~*~*~tactically~*~*~ (water).
  2689 | D:2      | HP: 8/39 [gnoll/+0 whip (8)]
  2689 | D:2      | HP: 3/39 [gnoll/+0 spear (5)]
  2690 | D:2      | Slain by a gnoll

Levels and vault maps discovered:
D:1:      dpeg_arrival_signposts, layout_loops_ring, kennysheep_nondescript,
          nrook_mini_backslash, kennysheep_minor_cross, chequers_big_river,
          chequers_serial_rivers_micro_e
D:2:      layout_basic, nicolae_ecumenical_oubliette, serial_shops, shop,
          chequers_serial_rivers_large_a, minmay_misc_feat_square,
          minmay_misc_feat_ornament

Skill      XL: |  1  2  3  4 |
---------------+-------------+-----
Axes           | 4 5 6 |  6.1
Fighting       | |  3.6
Armour         | |  2.4
Dodging        | |  2.1

Action                   |  1- 3 |  4- 6 || total
-------------------------+-------+-------++-------
Melee: Hand axe          |    25 |       ||    25
       Headbutt          |    10 |       ||    10
       War axe           |    46 |     2 ||    48
Throw: Boomerang         |     2 |       ||     2
Invok: Berserk           |     1 |     1 ||     2
  Use: Scroll            |     7 |       ||     7
Armor: Animal skin       |    10 |     1 ||    11
Dodge: Dodged            |    36 |     5 ||    41

Table legend:
 A = Non-vault XP
 B = Vault XP
 C = Vault XP percentage of total XP
 D = Non-vault monster count
 E = Vault monster count
 F = Vault count percentage of total count
                 A         B        C        D         E       F
            +---------+---------+-------+---------+---------+-------
      Total |     126 |       0 |   0.0 |      44 |       0 |   0.0
            +---------+---------+-------+---------+---------+-------
        D:1 |      33 |       0 |   0.0 |      20 |       0 |   0.0
        D:2 |      93 |       0 |   0.0 |      24 |       0 |   0.0
            +---------+---------+-------+---------+---------+-------
